TOP OF THE 1ST |
Austin River Sharks batting - Pitching for St Charles Sheens : RHP Oscar Wheeler
|
Pitching: RHP Oscar Wheeler
|
|
Batting: RHB Eric Neal
|
0-0: Ball 1-0: Called Strike 1-1: Swinging Strike 1-2: Ball 2-2: Foul Ball, location: 2F 2-2: DOUBLE (Groundball, 5L)
|
Batting: LHB Harry Pitts
|
0-0: Ground out 6-3 (Groundball, 6)
|
Batting: LHB Greg Nelson
|
0-0: Ball 1-0: Called Strike Eric Neal steals 3rd base 1-1: Ball 2-1: SINGLE (Groundball, 34D) Eric Neal scores
|
Batting: RHB Todd Bryant
|
0-0: Ball 1-0: Fielders Choice at 2nd, 6-4 (Groundball, 6)
|
Batting: RHB Manny Copriviza
|
0-0: Ball 1-0: Fly out, F9 (Flyball, 9LS)
|
Top of the 1st over - 1 run(s), 2 hit(s), 0 error(s), 1 left on base; Austin 1 - St Charles 0 |
BOTTOM OF THE 1ST |
St Charles Sheens batting - Pitching for Austin River Sharks : RHP Carlos Hernández
|
Pitching: RHP Carlos Hernández
|
|
Batting: RHB Jesús Hernández
|
0-0: Ground out 5-3 (Groundball, 56S)
|
Batting: RHB Miguel Palácios
|
0-0: Called Strike 0-1: Ball 1-1: Ball 2-1: Swinging Strike 2-2: Fly out, F2 (Popup, 56S)
|
Batting: LHB Larry Howard
|
0-0: Ball 1-0: Foul Ball, location: 2F 1-1: Ball 2-1: Foul Ball, location: 2F 2-2: Ball 3-2: SINGLE (Groundball, 34D)
|
Batting: RHB Dan Tyler
|
0-0: Ball 1-0: Fielders Choice at 2nd, 4-6 (Groundball, 34)
|
Bottom of the 1st over - 0 run(s), 1 hit(s), 0 error(s), 0 left on base; Austin 1 - St Charles 0 |
TOP OF THE 2ND |
Austin River Sharks batting - Pitching for St Charles Sheens : RHP Oscar Wheeler
|
Batting: LHB José Liñares
|
0-0: Ball 1-0: Called Strike 1-1: Fly out, F3 (Popup, 3S)
|
Batting: RHB Luis Ibarra
|
0-0: Called Strike 0-1: Ball 1-1: Foul Ball, location: 2F 1-2: Strikes out looking
|
Batting: RHB Richard Coker
|
0-0: Called Strike 0-1: Swinging Strike 0-2: Ball 1-2: Strikes out looking
|
Top of the 2nd over - 0 run(s), 0 hit(s), 0 error(s), 0 left on base; Austin 1 - St Charles 0 |
BOTTOM OF THE 2ND |
St Charles Sheens batting - Pitching for Austin River Sharks : RHP Carlos Hernández
|
Batting: RHB Max Rash
|
0-0: Called Strike 0-1: Ball 1-1: Called Strike 1-2: Ground out 6-3 (Groundball, 6)
|
Batting: LHB Marcos Cantú
|
0-0: Called Strike 0-1: Ball 1-1: Ball 2-1: Ball 3-1: SINGLE (Flyball, 7S)
|
Batting: LHB Juan Jose Rojas
|
0-0: Ball 1-0: Called Strike 1-1: Ball 2-1: SINGLE (Line Drive, 6D) Marcos Cantú to second
|
Batting: RHB Víctor Arredondo
|
0-0: Called Strike 0-1: Ball 1-1: Foul Ball, location: 2F 1-2: Ball 2-2: Grounds into double play, 6-4-3 (Groundball, 6M)
|
Bottom of the 2nd over - 0 run(s), 2 hit(s), 0 error(s), 1 left on base; Austin 1 - St Charles 0 |
TOP OF THE 3RD |
Austin River Sharks batting - Pitching for St Charles Sheens : RHP Oscar Wheeler
|
Batting: RHB Teddy Bates
|
0-0: Ball 1-0: Ball 2-0: Ball 3-0: Base on Balls
|
Batting: RHB Eric Neal
|
0-0: Ball 1-0: Ball 2-0: DOUBLE (Line Drive, 7LM) Teddy Bates to third
|
Batting: LHB Harry Pitts
|
0-0: Called Strike 0-1: Ball 1-1: Ground out U3 (Groundball, 3L)
|
Batting: LHB Greg Nelson
|
0-0: Ball 1-0: Called Strike 1-1: Ball 2-1: Foul Ball, location: 2F 2-2: Strikes out swinging
|
Batting: RHB Todd Bryant
|
0-0: Ground out U3 (Groundball, 34)
|
Top of the 3rd over - 0 run(s), 1 hit(s), 0 error(s), 2 left on base; Austin 1 - St Charles 0 |
BOTTOM OF THE 3RD |
St Charles Sheens batting - Pitching for Austin River Sharks : RHP Carlos Hernández
|
Batting: RHB Clint Younger
|
0-0: Called Strike 0-1: Ground out 5-3 (Groundball, 56)
|
Batting: RHB Jesús Hernández
|
0-0: Called Strike 0-1: Ground out 6-3 (Groundball, 6)
|
Batting: RHB Miguel Palácios
|
0-0: Called Strike 0-1: SINGLE (Flyball, 9LM)
|
Batting: LHB Larry Howard
|
0-0: Called Strike 0-1: Ball 1-1: Fly out, F8 (Flyball, 89XD)
|
Bottom of the 3rd over - 0 run(s), 1 hit(s), 0 error(s), 1 left on base; Austin 1 - St Charles 0 |
TOP OF THE 4TH |
Austin River Sharks batting - Pitching for St Charles Sheens : RHP Oscar Wheeler
|
Batting: RHB Manny Copriviza
|
0-0: Swinging Strike 0-1: Ball 1-1: Foul Ball, location: 2F 1-2: Strikes out swinging
|
Batting: LHB José Liñares
|
0-0: Ball 1-0: Called Strike 1-1: Called Strike 1-2: Ball 2-2: Strikes out swinging
|
Batting: RHB Luis Ibarra
|
0-0: Ground out 6-3 (Groundball, 6)
|
Top of the 4th over - 0 run(s), 0 hit(s), 0 error(s), 0 left on base; Austin 1 - St Charles 0 |
BOTTOM OF THE 4TH |
St Charles Sheens batting - Pitching for Austin River Sharks : RHP Carlos Hernández
|
Batting: RHB Dan Tyler
|
0-0: SOLO HOME RUN (Flyball, 8RXD), Distance : 434 ft
|
Batting: RHB Max Rash
|
0-0: Ball 1-0: Foul Ball, location: 2F 1-1: Called Strike 1-2: SINGLE (Flyball, 8LS)
|
Batting: LHB Marcos Cantú
|
0-0: Ball 1-0: Grounds into double play, 4-6-3 (Groundball, 34)
|
Batting: LHB Juan Jose Rojas
|
0-0: Ball 1-0: Called Strike 1-1: Ball 2-1: SINGLE (Line Drive, 4D)
|
Batting: RHB Víctor Arredondo
|
0-0: Ground out 3-1 (Groundball, 34)
|
Bottom of the 4th over - 1 run(s), 3 hit(s), 0 error(s), 1 left on base; Austin 1 - St Charles 1 |
TOP OF THE 5TH |
Austin River Sharks batting - Pitching for St Charles Sheens : RHP Oscar Wheeler
|
Pitching: RHP Álex Villegas
|
|
Batting: RHB Richard Coker
|
0-0: Foul Ball, location: 2F 0-1: Ball 1-1: Ball 2-1: SINGLE (Flyball, 89S)
|
Batting: RHB Teddy Bates
|
0-0: Foul Ball, location: 2F 0-1: Called Strike 0-2: Fly out, F9 (Flyball, 9S)
|
Batting: RHB Eric Neal
|
0-0: Ball 1-0: SINGLE (Groundball, 6S) (infield hit) Richard Coker to second
|
Batting: LHB Harry Pitts
|
0-0: Called Strike 0-1: Called Strike 0-2: Strikes out swinging
|
Pitching: RHP Jeff Lynn
|
|
Batting: LHB Greg Nelson
|
0-0: Called Strike 0-1: Ball Wild Pitch! Richard Coker to third Eric Neal to second 1-1: Called Strike 1-2: Ball 2-2: Strikes out looking
|
Top of the 5th over - 0 run(s), 2 hit(s), 0 error(s), 2 left on base; Austin 1 - St Charles 1 |
BOTTOM OF THE 5TH |
St Charles Sheens batting - Pitching for Austin River Sharks : RHP Carlos Hernández
|
Pitching: RHP Luis Trujillo
|
|
Batting: RHB Clint Younger
|
0-0: Ball 1-0: Ball 2-0: Called Strike 2-1: Foul Ball, location: 2F 2-2: Strikes out looking
|
Batting: RHB Jesús Hernández
|
0-0: Swinging Strike 0-1: Ball 1-1: Ball 2-1: Ball 3-1: Called Strike 3-2: Foul Ball, location: 2F 3-2: Foul Ball, location: 2F 3-2: Strikes out looking
|
Batting: RHB Miguel Palácios
|
0-0: Called Strike 0-1: SINGLE (Flyball, 8LS)
|
Batting: LHB Larry Howard
|
0-0: Ball 1-0: Ball 2-0: Called Strike 2-1: Ball Wild Pitch! Miguel Palácios to second 3-1: DOUBLE (Flyball, 78D) Miguel Palácios scores
|
Batting: RHB Dan Tyler
|
0-0: Ground out 4-3 (Groundball, 4MD)
|
Bottom of the 5th over - 1 run(s), 2 hit(s), 0 error(s), 1 left on base; Austin 1 - St Charles 2 |
TOP OF THE 6TH |
Austin River Sharks batting - Pitching for St Charles Sheens : RHP Jeff Lynn
|
Batting: RHB Todd Bryant
|
0-0: Ball 1-0: Swinging Strike 1-1: Fly out, F8 (Flyball, 8RS)
|
Now in CF: Ben Dougherty
|
|
Batting: RHB Manny Copriviza
|
0-0: Foul Ball, location: 2F 0-1: Ground out 2-3 (Groundball, 2L)
|
Batting: LHB José Liñares
|
0-0: Swinging Strike 0-1: SINGLE (Groundball, 4D)
|
Batting: RHB Luis Ibarra
|
0-0: Called Strike 0-1: Ball 1-1: Foul Ball, location: 2F 1-2: Ball 2-2: Ground out 5-3 (Groundball, 56S)
|
Top of the 6th over - 0 run(s), 1 hit(s), 0 error(s), 1 left on base; Austin 1 - St Charles 2 |
BOTTOM OF THE 6TH |
St Charles Sheens batting - Pitching for Austin River Sharks : RHP Luis Trujillo
|
Batting: RHB Max Rash
|
0-0: Ball 1-0: Ground out 4-3 (Groundball, 4)
|
Batting: LHB Marcos Cantú
|
0-0: Called Strike 0-1: Ball 1-1: Foul Ball, location: 2F 1-2: Strikes out looking
|
Batting: LHB Juan Jose Rojas
|
0-0: Ball 1-0: Fly out, F8 (Flyball, 78M)
|
Bottom of the 6th over - 0 run(s), 0 hit(s), 0 error(s), 0 left on base; Austin 1 - St Charles 2 |
TOP OF THE 7TH |
Austin River Sharks batting - Pitching for St Charles Sheens : RHP Jeff Lynn
|
Batting: RHB Richard Coker
|
0-0: Ball 1-0: Ball 2-0: Ball 3-0: Base on Balls
|
Batting: RHB Teddy Bates
|
0-0: Ball 1-0: Grounds into double play, 6-4-3 (Groundball, 6)
|
Pinch Hitting: RHB Carlos Guzmán
|
0-0: Foul Ball, location: 2F 0-1: Ball 1-1: Ball 2-1: Foul Ball, location: 2F 2-2: Ground out 5-3 (Groundball, 56S)
|
Top of the 7th over - 0 run(s), 0 hit(s), 0 error(s), 0 left on base; Austin 1 - St Charles 2 |
BOTTOM OF THE 7TH |
St Charles Sheens batting - Pitching for Austin River Sharks : RHP Luis Trujillo
|
Now at 2B: Ryan Cates
|
|
Batting: RHB Ben Dougherty
|
0-0: Ball 1-0: Ball 2-0: Foul Ball, location: 2F 2-1: Foul Ball, location: 2F 2-2: Strikes out swinging
|
Batting: RHB Clint Younger
|
0-0: Swinging Strike 0-1: Ball 1-1: Swinging Strike 1-2: Foul Ball, location: 2F 1-2: Foul Ball, location: 2F 1-2: Ball 2-2: SOLO HOME RUN (Flyball, 7D), Distance : 373 ft
|
Pitching: LHP Manuel Gil
|
|
Pinch Hitting: RHB Jesús Gonzáles
|
0-0: Ground out 1-3 (Groundball, 15S)
|
Pinch Hitting: RHB Sergio Pujols
|
0-0: Foul Ball, location: 2F 0-1: Ball 1-1: Foul Ball, location: 2F 1-2: Foul Ball, location: 2F 1-2: Ball 2-2: SINGLE (Line Drive, 7S)
|
Pinch Hitting: RHB Judson Backstrom
|
0-0: Ball 1-0: Called Strike 1-1: Ball 2-1: Called Strike 2-2: DOUBLE (Flyball, 89D) Sergio Pujols to third
|
Batting: RHB Alfredo Hernández
|
0-0: Ground out 5-3 (Groundball, 5S)
|
Bottom of the 7th over - 1 run(s), 3 hit(s), 0 error(s), 2 left on base; Austin 1 - St Charles 3 |
TOP OF THE 8TH |
Austin River Sharks batting - Pitching for St Charles Sheens : RHP Jeff Lynn
|
Now at 1B: Judson Backstrom
|
|
Now at 3B: Sergio Pujols
|
|
Now in LF: Jesús Gonzáles
|
|
Pinch Hitting: RHB Billy Campbell
|
0-0: Ball 1-0: Ground out 6-3 (Groundball, 6)
|
Batting: LHB Enrico Vargas
|
0-0: Called Strike 0-1: Ball 1-1: Foul Ball, location: 2F 1-2: SINGLE (Groundball, 3S) (infield hit)
|
Batting: RHB Todd Bryant
|
0-0: Reached on error, E5 (Groundball, 56) Enrico Vargas to third
|
Pinch Hitting: RHB Dexter Potter
|
0-0: Ball 1-0: Ground out 5-3 (Groundball, 56) Enrico Vargas scores
|
Pinch Hitting: RHB Tom Rowe
|
0-0: Called Strike 0-1: Ground out 5-3 (Groundball, 56S)
|
Top of the 8th over - 1 run(s), 1 hit(s), 1 error(s), 1 left on base; Austin 2 - St Charles 3 |
BOTTOM OF THE 8TH |
St Charles Sheens batting - Pitching for Austin River Sharks : LHP Manuel Gil
|
Now at 1B: Billy Campbell
|
|
Now at SS: Tom Rowe
|
|
Now in LF: Dan Wyatt
|
|
Pinch Hitting: LHB Kyle Harrison
|
0-0: Swinging Strike 0-1: Ball 1-1: Ball 2-1: Swinging Strike 2-2: Strikes out looking
|
Pinch Hitting: RHB Roberto Ybarra
|
0-0: Called Strike 0-1: Swinging Strike 0-2: Strikes out swinging
|
Batting: LHB Juan Jose Rojas
|
0-0: Ball 1-0: Swinging Strike 1-1: Ball 2-1: Foul Ball, location: 2F 2-2: Strikes out swinging
|
Bottom of the 8th over - 0 run(s), 0 hit(s), 0 error(s), 0 left on base; Austin 2 - St Charles 3 |
TOP OF THE 9TH |
Austin River Sharks batting - Pitching for St Charles Sheens : RHP Jeff Lynn
|
Pitching: RHP Juan Rivera
|
|
Now at SS: Kyle Harrison
|
|
Now in RF: Jason Lambert
|
|
Batting: RHB Luis Ibarra
|
0-0: Foul Ball, location: 2F 0-1: Fly out, F7 (Flyball, 7)
|
Pinch Hitting: LHB Freddy Herrera
|
0-0: Ball 1-0: Ball 2-0: Foul Ball, location: 2F 2-1: Ground out U3 (Groundball, 34)
|
Pinch Hitting: RHB Paul Swift
|
0-0: Called Strike 0-1: Swinging Strike 0-2: Ball 1-2: Strikes out swinging
|
Top of the 9th over - 0 run(s), 0 hit(s), 0 error(s), 0 left on base; Austin 2 - St Charles 3 |
|